 Dungeon Crawl Stone Soup version 0.21.1-1-g345015f (webtiles) character file.

33154 shakethe the Cleaver (level 13, -3/106 HPs)
             Began as a Demonspawn Gladiator on Feb 25, 2018.
             Was a High Priest of Okawaru.
             Slain by a minotaur
             ... wielding a +0 trident
              (16 damage)
             ... in a labyrinth.
             The game lasted 00:40:58 (16502 turns).

shakethe the Cleaver (Demonspawn Gladiator)        Turns: 16502, Time: 00:40:59

Health: -3/106     AC: 18    Str: 15    XL:     13   Next: 35%
Magic:  19/19      EV: 19    Int: 13    God:    Okawaru [*****.]
Gold:   920        SH:  9    Dex: 18    Spells: 12/12 levels left

rFire    . . .     SeeInvis +   F - +2 hand axe (vamp) {!w}
rCold    . . .     Gourm    .   D - +2 buckler
rNeg     . . .     Faith    .   U - +2 chain mail {rPois}
rPois    +         Spirit   .   c - +0 helmet
rElec    .         Reflect  .   y - +0 cloak {+Inv}
rCorr    .         Harm     .   n - +0 pair of gloves
MR       .....                  (boots unavailable)
Stlth    ++........             h - amulet of regeneration {+regen, !d}
HPRegen  0.67/turn              g - ring of see invisible {sInv, !d}
MPRegen  0.16/turn              i - +6 ring of evasion

@: heroism, finesse
A: talons 3, thin skeletal structure 1, powered by pain 2, rot immunity
a: Heroism, Finesse, Renounce Religion, Evoke Invisibility


You were in a labyrinth.
You worshipped Okawaru.
Okawaru was extremely pleased with you.
You were not hungry.

You visited 3 branches of the dungeon, and saw 17 of its levels.
You also visited: Labyrinth.

You collected 920 gold pieces.

Inventory:

Hand Weapons
 o - a +1 flail of protection
   (You took it off an orc on level 12 of the Dungeon)
 F - a +2 vampiric hand axe (weapon) {!w}
   (You found it on level 8 of the Dungeon)
 Y - a +6 executioner's axe of venom
   (You took it off Rupert on level 13 of the Dungeon)
Missiles
 d - 3 throwing nets {=f, !d}
 X - 4 needles of frenzy
Armour
 c - a +0 helmet (worn)
 j - a scarf of resistance
   (You found it on level 4 of the Dungeon)
 n - a +0 pair of gloves (worn)
   (You found it on level 3 of the Dungeon)
 y - a +0 cloak of invisibility (worn)
   (You took it off Crazy Yiuf on level 5 of the Dungeon)
 D - a +2 buckler (worn)
   (You found it on level 7 of the Dungeon)
 U - a +2 chain mail of poison resistance (worn)
   (You found it on level 12 of the Dungeon)
Jewellery
 b - an uncursed ring of wizardry {Wiz+, !d}
   (You found it on level 9 of the Dungeon)
 g - a ring of see invisible (left hand) {sInv, !d}
   (You found it on level 1 of the Dungeon)
 h - an amulet of regeneration (around neck) {+regen, !d}
   (You found it on level 4 of the Dungeon)
 i - a +6 ring of evasion (right hand)
   (You found it on level 1 of the Dungeon)
 A - an uncursed amulet of guardian spirit {unknown}
   (You found it on level 6 of the Dungeon)
 G - an uncursed ring of resist corrosion
   (You found it on level 8 of the Dungeon)
 H - an uncursed ring of positive energy {rN+}
   (You found it on level 9 of the Dungeon)
Wands
 C - a wand of polymorph (26)
   (You found it on level 6 of the Dungeon)
 E - a wand of paralysis (7)
   (You found it on level 6 of the Dungeon)
 S - a wand of flame (35)
   (You found it on level 12 of the Dungeon)
 T - a wand of acid (6)
   (You found it on level 13 of the Dungeon)
Scrolls
 a - 4 scrolls of enchant weapon
 l - 6 scrolls of teleportation
 m - 2 scrolls of magic mapping {!r}
 r - a scroll of amnesia
 t - a scroll of fog
 v - 4 scrolls of remove curse
 M - 4 scrolls of fear
 O - 2 scrolls of vulnerability {!r!r}
 Q - a scroll of enchant armour
 R - 2 scrolls of silence
 V - a scroll of summoning
 W - 3 scrolls of identify
Potions
 e - 5 potions of curing
 k - 2 potions of brilliance
 p - 2 potions of haste
 q - 2 potions of agility
 s - 2 potions of lignification {!q}
 w - 2 potions of ambrosia
 x - 7 potions of heal wounds
 B - 4 potions of flight
 I - a potion of magic
 J - a potion of might
 P - a potion of berserk rage {!q}
Books
 L - a book of Geomancy
   (You found it on level 10 of the Dungeon)
Comestibles
 f - 27 rations


   Skills:
 + Level 11.1(16.1) Fighting
 - Level 14.0(19.0) Axes
 - Level 1.7(6.7) Throwing
 * Level 5.2(10.2) Armour
 * Level 6.0(11.0) Dodging
 + Level 5.0(10.0) Stealth
 - Level 4.0(9.0) Shields
 + Level 8.1 Invocations
 - Level 5.0 Evocations


You had 12 spell levels left.
You didn't know any spells.

Dungeon Overview and Level Annotations

Branches:
Dungeon (14/15)            Temple (1/1) D:5            Lair (2/6) D:9
    Orc (0/2) D:12         Vaults (0/5) D:13
  Swamp: Lair:2-4    Shoals: Lair:2-4     Snake: Lair:2-4    Spider: Lair:2-4

Altars:
Ashenzari
Cheibriados
Dithmenos
Elyvilon
Fedhas
Gozag
Hepliaklqana
Kikubaaqudgha
Makhleb
Nemelex Xobeh
Okawaru
Qazlal
Ru
Sif Muna
Trog
Uskayaw
Vehumet
Wu Jian
Xom
Yredelemnul
Zin
The Shining One

Shops:
D:8 %   D:13 %

Annotations:
D:14 exclusion: Sonja, Sonja


Innate Abilities, Weirdness & Mutations

You have claws for feet.
You have a somewhat thin skeletal structure. (Dex +2, Stealth)
You sometimes gain power by taking damage.
You are immune to rotting.


Message History

No target in view!
No target in view!
No target in view!
Z - a faintly humming ring mail
There are no items here.
You start removing your armour.
You continue taking off your +2 chain mail of poison resistance. x4
You finish taking off your +2 chain mail of poison resistance.
You no longer feel resistant to poison.
You start putting on your armour.
You continue putting on your faintly humming ring mail. x5
You finish putting on the +1 ring mail of Space {-Tele +Inv Stlth+}.
Drop what? 52/52 slots (_ for help) (? for menu, Esc to quit)
You drop a +2 pair of boots of stealth.
You start removing your armour.
You continue taking off the +1 ring mail of Space {-Tele +Inv Stlth+}. x4
You finish taking off the +1 ring mail of Space {-Tele +Inv Stlth+}.
You drop the +1 ring mail of Space {-Tele +Inv Stlth+}.
You start putting on your armour.
You continue putting on your +2 chain mail of poison resistance. x4
You finish putting on your +2 chain mail of poison resistance.
You feel resistant to poison.
Drop what? 50/52 slots (_ for help) (? for menu, Esc to quit)
You drop the +1 ring mail of Amelioration {+Blink rF+}.
Drop what? 49/52 slots (_ for help) (? for menu, Esc to quit)
You drop a +1 leather armour of positive energy.
Drop what? 48/52 slots (_ for help) (? for menu, Esc to quit)
You drop a twisted runed staff.
Items here: [[[[ | a twisted runed staff; a +1 leather armour of positive energy the +1 ring mail of Amelioration {+Blink rF+} the +1 ring mail of Space {-Tele +Inv Stlth+} a +2 pair of boots of stealth You hear the ticking of a distant clock.
You now have 920 gold pieces (gained 11).
Found a stone staircase leading up.
Found a labyrinth entrance.
There is a labyrinth entrance here.
Beware, the minotaur awaits!
The world spins around you as you enter the gateway.
As you enter the labyrinth, previously moving walls settle noisily into place.
You hear the metallic echo of a distant snort before it fades into the rock.
You are feeling hungry.
The floor suddenly vibrates beneath you!
No exploration algorithm can help you here.
No exploration algorithm can help you here.
No exploration algorithm can help you here.
You are feeling very hungry.
The floor suddenly vibrates beneath you!
You are near starving!
You eat one of the 28 rations.
That ration really hit the spot!
You feel a sudden draft!
You gain the combat prowess of a mighty hero.
You now have 17/19 mp.
You open the door.
A minotaur comes into view. It is wielding a trident.
You can now deal lightning-fast blows.
The minotaur bellows!
You now have 12/19 mp.
Aim: a minotaur, wielding a trident, wearing a plate armour and wearing a sparkling silver ring (chance to defeat MR: 5%)
The minotaur resists with almost no effort.
Aim: a minotaur, wielding a trident, wearing a plate armour and wearing a sparkling silver ring The bolt of acid hits the minotaur.
The minotaur is splashed with acid.
The acid corrodes the minotaur!
The minotaur hits you but does no damage.
The minotaur closely misses you. The minotaur hits you with a trident!!
You focus on the pain.
You feel your power returning. You block the minotaur's attack.
Found an escape hatch in the ceiling.
There is an open door, spattered with blood here.
You take 32 damage, and have 74/106 hp.
MASSIVE DAMAGE!!
MP restored: 19 You hit the minotaur but do no damage.
You hit the minotaur but do no damage. You claw the minotaur!
You barely miss the minotaur.
You claw the minotaur, but do no damage.
The minotaur hits you but does no damage.
The minotaur gores you but does no damage.
You hit the minotaur.
You claw the minotaur, but do no damage.
You hit the minotaur but do no damage. You hit the minotaur but do no damage.
You hit the minotaur. The minotaur hits you with a trident!!
The minotaur closely misses you.
You take 29 damage, and have 46/106 hp.
MASSIVE DAMAGE!!
You slash the minotaur! You hit the minotaur.
You feel better.
You hit the minotaur.
You feel better.
You claw the minotaur, but do no damage.
You regained 2 hp, and now have 49/106 hp.
You completely miss the minotaur.
The minotaur furiously retaliates!
The minotaur headbutts you.
You claw the minotaur. The minotaur hits you with a trident!!
* * * LOW HITPOINT WARNING * * *
The minotaur gores you but does no damage.
You take 36 damage, and have 13/106 hp.
MASSIVE DAMAGE!!
The minotaur is no longer covered in acid.
The minotaur hits you from afar with a trident!
You die...

##. . # ### ## # . .
. ## #####.##### #.
#.... #... .# #
##.#####.#.###.###.#
. .................
. #..@......# .. .#
#...##'##...# #.# #
#.#.#8H8# .## . ..
#.#...# ..# # ## #
#8.8#...# # ....
#=.:# .# #### #
#8.8#..## .
.#[.[#...# #
#.#.#8<8#. .#


You could see a minotaur.

Vanquished Creatures
  Rupert (D:13)
  The ghost of shakethe the Carver, a journeyman BaGl of Okawaru (D:12)
  Snorg (D:14)
  Erica (D:8)
  A centaur warrior (D:13)
  7 two-headed ogres
  A death yak (D:11)
  The ghost of shakethe the Cleaver, a novice DsGl of Okawaru (D:8)
  2 unseen horrors
  The ghost of DrClinical the Chopper, a novice HOFi (D:5)
  Pikel (D:5)
  A deep elf mage (D:14)
  6 ugly things
  A cyclops (D:13)
  3 manticores
  A black mamba (shapeshifter) (D:13)
  A spiny frog (Lair:1)
  Psyche (D:8)
  A gargoyle (D:12)
  3 komodo dragons (Lair:1)
  A kobold demonologist (D:13)
  A troll (D:12)
  Grinder (D:3)
  A queen bee (Lair:1)
  3 hippogriffs
  Sigmund (D:3)
  10 yaks
  A ynoxinul (D:12)
  2 wraiths
  A human (D:12)
  A hungry ghost (D:11)
  2 vampire mosquitoes (D:13)
  Menkaure (D:4)
  Edmund (D:4)
  Duvessa (D:6)
  5 water moccasins
  7 porcupines (Lair:1)
  2 black bears (D:12)
  5 orc warriors
  2 sky beasts
  4 phantoms
  A hornet zombie (D:9)
  5 ice beasts
  A slave (D:5)
  10 ogres
  2 eyes of draining
  6 centaurs
  3 crocodiles
  4 big kobolds (D:12)
  9 bullfrogs
  4 gnoll sergeants
  A wyvern zombie (D:11)
  9 scorpions
  Dowan (D:6)
  41 killer bees
  5 wights (D:12)
  A howler monkey (D:2)
  An electric eel (Lair:1)
  5 crimson imps
  3 quasits
  Crazy Yiuf (D:5)
  2 bullfrog zombies
  6 hounds
  2 jellies
  6 orc priests
  7 orc wizards
  2 bullfrog skeletons
  A gnoll shaman (D:6)
  Jessica (D:3)
  2 centaur skeletons
  4 iguanas
  7 worker ants
  A hell rat (D:9)
  2 hound zombies
  A worker ant zombie (D:6)
  Robin (D:3)
  9 adders
  11 gnolls
  A howler monkey skeleton (D:6)
  2 river rats (D:9)
  2 shadow imps (D:11)
  An ooze (D:5)
  An adder zombie (D:9)
  2 adder skeletons (D:4)
  A worm (D:5)
  4 dart slugs
  9 leopard geckos
  35 orcs
  6 bats
  12 giant cockroaches
  6 hobgoblins
  13 jackals
  7 quokkas
  A ball python zombie (D:5)
  5 frilled lizards
  11 goblins
  5 kobolds
  7 rats
398 creatures vanquished.

Vanquished Creatures (others)
  A slave (D:5)
  A scorpion (D:5)
2 creatures vanquished.

Grand Total: 400 creatures vanquished

Notes
Turn   | Place    | Note
-------+----------+-------------------------------------------
     0 | D:1      | shakethe the Demonspawn Gladiator began the quest for the Orb.
     0 | D:1      | Reached XP level 1. HP: 16/16 MP: 1/1
   117 | D:1      | Reached skill level 3 in Axes
   117 | D:1      | Gained mutation: You have sharp toenails. [demonic ancestry]
   117 | D:1      | Reached XP level 2. HP: 19/22 MP: 2/2
  1113 | D:2      | Reached XP level 3. HP: 28/28 MP: 3/3
  1147 | D:2      | Gained mutation: You sometimes gain a little power by taking damage. [demonic ancestry]
  1147 | D:2      | Reached XP level 4. HP: 29/34 MP: 4/4
  1168 | D:2      | Reached skill level 4 in Axes
  1198 | D:2      | Reached skill level 3 in Fighting
  1526 | D:3      | Noticed Jessica
  1532 | D:3      | Killed Jessica
  1713 | D:3      | Gained mutation: You have razor-sharp toenails. [demonic ancestry]
  1713 | D:3      | Reached XP level 5. HP: 28/41 MP: 5/5
  1896 | D:3      | Noticed Sigmund
  1942 | D:3      | Killed Sigmund
  1942 | D:3      | Reached skill level 5 in Axes
  1942 | D:3      | Gained mutation: You sometimes gain power by taking damage. [demonic ancestry]
  1942 | D:3      | Reached XP level 6. HP: 12/48 MP: 6/6
  2383 | D:3      | Noticed Robin
  2391 | D:3      | Killed Robin
  2391 | D:3      | Reached skill level 4 in Fighting
  2786 | D:4      | Noticed Grinder
  2808 | D:4      | Paralysed by Grinder for 3 turns
  2822 | D:4      | Paralysed by Grinder for 5 turns
  2828 | D:4      | Paralysed by Grinder for 4 turns
  2832 | D:4      | HP: 7/48 [Grinder (6)]
  2837 | D:3      | HP: 18/72 [Grinder (2)]
  2842 | D:3      | HP: 3/72 [Grinder/nerve-wracking pain (14)]
  2843 | D:3      | Killed Grinder
  2843 | D:3      | Reached skill level 6 in Axes
  2843 | D:3      | Reached XP level 7. HP: 3/55 MP: 7/7
  3200 | D:4      | Noticed Menkaure
  3213 | D:4      | Killed Menkaure
  3213 | D:4      | Reached skill level 5 in Fighting
  3259 | D:4      | Reached skill level 7 in Axes
  3364 | D:4      | HP: 14/56 [orc priest/divine providence (16)]
  3368 | D:4      | HP: 6/56 [orc priest/nerve-wracking pain (9)]
  3700 | D:4      | Noticed Edmund
  3709 | D:4      | Killed Edmund
  3709 | D:4      | Gained mutation: You are immune to rotting. [demonic ancestry]
  3709 | D:4      | Reached XP level 8. HP: 44/63 MP: 8/8
  4142 | D:4      | Reached skill level 8 in Axes
  4145 | D:4      | Reached skill level 6 in Fighting
  4445 | D:5      | Entered Level 5 of the Dungeon
  4461 | D:5      | Noticed DrClinical's ghost (novice HOFi)
  4810 | D:5      | Got an encrusted ring mail
  4823 | D:5      | Identified the cursed +1 ring mail of Amelioration {+Blink rF+} (You found it on level 5 of the Dungeon)
  4909 | D:5      | Killed DrClinical's ghost
  4909 | D:5      | Reached skill level 9 in Axes
  5137 | D:5      | Found a staircase to the Ecumenical Temple.
  5320 | D:5      | Reached XP level 9. HP: 71/71 MP: 9/9
  5353 | D:5      | Reached skill level 7 in Fighting
  5377 | D:5      | Found a runed door.
  5648 | D:5      | Noticed Pikel
  5688 | D:5      | Killed Pikel
  5688 | D:5      | Reached skill level 10 in Axes
  6377 | D:5      | Noticed Crazy Yiuf
  6381 | D:5      | Killed Crazy Yiuf
  6653 | D:6      | Noticed Dowan
  6668 | D:6      | Killed Dowan
  6714 | D:6      | Noticed Duvessa
  6729 | D:6      | Killed Duvessa
  6729 | D:6      | Reached skill level 8 in Fighting
  6743 | D:6      | Reached skill level 1 in Evocations
  6985 | D:6      | Got a twisted long sword
  6986 | D:6      | Identified the +2 long sword of Cocytus {slice, Str+4} (You found it on level 6 of the Dungeon)
  7203 | D:6      | Reached skill level 2 in Evocations
  7420 | D:7      | Reached XP level 10. HP: 82/82 MP: 11/11
  7682 | D:8      | Found a glowing golden altar of the Shining One.
  7682 | D:8      | Noticed Psyche
  7713 | D:8      | Noticed Erica
  7731 | D:8      | Found Legil's Food Boutique.
  7775 | D:8      | Noticed shakethe's ghost (novice DsGl)
  7910 | D:7      | Reached skill level 11 in Axes
  7999 | D:8      | Killed Psyche
  7999 | D:8      | Reached skill level 1 in Shields
  8049 | D:8      | Noticed a two-headed ogre
  8059 | D:8      | Killed a two-headed ogre
  8059 | D:8      | Reached skill level 3 in Evocations
  8106 | D:7      | Reached skill level 2 in Shields
  8155 | D:8      | Killed shakethe's ghost
  8355 | D:8      | Killed Erica
  8355 | D:8      | Reached skill level 9 in Fighting
  8355 | D:8      | Reached skill level 4 in Evocations
  8387 | D:8      | Reached skill level 3 in Shields
  8587 | D:9      | Found a deep blue altar of Sif Muna.
  8729 | D:9      | Noticed a death yak
  8730 | D:9      | Noticed a death yak
  8785 | D:9      | Found a staircase to the Lair.
  8808 | D:9      | Reached skill level 3 in Dodging
  9047 | Temple   | Entered the Ecumenical Temple
  9124 | Temple   | Became a worshipper of Warmaster Okawaru
  9286 | D:9      | Reached XP level 11. HP: 43/89 MP: 14/14
  9600 | D:10     | Entered Level 10 of the Dungeon
  9767 | D:10     | Reached * piety under Okawaru
  9976 | D:10     | Noticed a two-headed ogre
  9984 | D:10     | Killed a two-headed ogre
  9984 | D:10     | Reached skill level 12 in Axes
  9984 | D:10     | Reached skill level 1 in Invocations
 10054 | D:10     | Reached skill level 5 in Evocations
 10060 | D:10     | Noticed a two-headed ogre
 10068 | D:10     | Killed a two-headed ogre
 10165 | D:10     | Reached skill level 2 in Invocations
 10169 | D:10     | Reached ** piety under Okawaru
 10169 | D:10     | Reached skill level 4 in Shields
 10600 | D:11     | Noticed an unseen horror
 10625 | D:11     | Killed an unseen horror
 10625 | D:11     | Reached skill level 4 in Dodging
 10625 | D:11     | Reached skill level 3 in Invocations
 10678 | D:11     | Noticed a two-headed ogre
 10695 | D:11     | Killed a two-headed ogre
 10695 | D:11     | Reached *** piety under Okawaru
 11219 | D:11     | Reached skill level 4 in Invocations
 11319 | D:11     | Killed a death yak
 11319 | D:11     | Reached skill level 10 in Fighting
 11530 | D:12     | Noticed a two-headed ogre
 11541 | D:12     | Killed a two-headed ogre
 11541 | D:12     | Reached **** piety under Okawaru
 11542 | D:12     | Reached skill level 1 in Stealth
 11597 | D:12     | Noticed a two-headed ogre
 11620 | D:12     | Killed a two-headed ogre
 11620 | D:12     | Reached skill level 1 in Armour
 11710 | D:12     | Noticed an unseen horror
 11743 | D:12     | Killed an unseen horror
 11743 | D:12     | Reached skill level 5 in Invocations
 11743 | D:12     | Gained mutation: You have a somewhat thin skeletal structure. (Dex +2, Stealth) [demonic ancestry]
 11743 | D:12     | Reached XP level 12. HP: 96/97 MP: 15/15
 11771 | D:12     | Reached skill level 5 in Dodging
 11775 | D:12     | HP: 24/97 [wight/enchanted halberd (2)]
 12163 | D:12     | Found a staircase to the Orcish Mines.
 12183 | D:12     | Reached skill level 2 in Stealth
 12212 | D:12     | Reached skill level 13 in Axes
 12519 | D:12     | Found a shattered altar of Ashenzari.
 12536 | D:12     | Reached skill level 2 in Armour
 12943 | D:13     | Noticed a centaur warrior
 12963 | D:13     | Killed a centaur warrior
 12963 | D:13     | Reached ***** piety under Okawaru
 13225 | D:13     | Reached skill level 6 in Invocations
 13317 | D:13     | Reached skill level 3 in Stealth
 13348 | D:13     | Found a shadowy altar of Dithmenos.
 13358 | D:13     | Noticed Rupert
 13370 | D:13     | Paralysed by Rupert for 5 turns
 13397 | D:13     | Killed Rupert
 13397 | D:13     | Received a gift from Okawaru
 13397 | D:13     | Reached skill level 3 in Armour
 13648 | D:13     | Noticed a two-headed ogre
 13667 | D:13     | Killed a two-headed ogre
 13667 | D:13     | Received a gift from Okawaru
 13864 | D:13     | Found Xash's Food Boutique.
 13944 | D:13     | Reached skill level 7 in Invocations
 14103 | D:13     | Reached skill level 4 in Stealth
 14108 | D:13     | Found a gate to the Vaults.
 14261 | D:14     | Noticed Snorg
 14288 | D:14     | HP: 22/99 [Snorg (8)]
 14292 | D:14     | HP: 1/99 [Snorg (11)]
 14302 | D:14     | Killed Snorg
 14418 | D:14     | Reached skill level 4 in Armour
 14464 | D:14     | Gained mutation: You have claws for feet. [demonic ancestry]
 14464 | D:14     | Reached XP level 13. HP: 97/105 MP: 18/18
 14568 | D:14     | Noticed Sonja
 14655 | D:12     | Noticed shakethe's ghost (journeyman BaGl)
 14679 | D:12     | Killed shakethe's ghost
 14771 | Lair:1   | Entered Level 1 of the Lair of Beasts
 14885 | Lair:1   | Reached skill level 11 in Fighting
 15189 | Lair:1   | Reached skill level 5 in Armour
 15205 | Lair:1   | Reached skill level 8 in Invocations
 15447 | Lair:1   | Reached skill level 14 in Axes
 15860 | Lair:2   | Reached skill level 6 in Dodging
 15860 | Lair:2   | Reached skill level 5 in Stealth
 15864 | Lair:2   | Got a faintly humming ring mail
 15880 | Lair:2   | Identified the +1 ring mail of Space {-Tele +Inv Stlth+} (You found it on level 2 of the Lair of Beasts)
 15934 | Lair:2   | Found a labyrinth entrance.
 15944 | Lab      | Entered a labyrinth
 16485 | Lab      | Noticed a minotaur
 16501 | Lab      | HP: 13/106 [minotaur/trident (32)]
 16502 | Lab      | Slain by a minotaur

Skill      XL: |  1  2  3  4  5  6  7  8  9 10 11 12 13 |
---------------+----------------------------------------+-----
Axes           | 3 4 5 6 7 9 10 11 12 13 14 | 14.0
Fighting       | 3 4 5 6 8 9 10 11 | 11.1
Evocations     | 2 4 5 |  5.0
Shields        | 3 4 |  4.0
Dodging        | 3 4 5 6 |  6.0
Invocations    | 5 7 8 |  8.1
Stealth        | 1 4 5 |  5.0
Armour         | 1 4 5 |  5.2
Throwing       | |  1.7

Action                   |  1- 3 |  4- 6 |  7- 9 | 10-12 | 13-15 || total
-------------------------+-------+-------+-------+-------+-------++-------
Melee: War axe           |    77 |   140 |   382 |   100 |       ||   699
       Kick              |    11 |    21 |   109 |   234 |   119 ||   494
       Hand axe          |       |       |       |  1315 |   335 ||  1650
Invok: Heroism           |       |       |       |    12 |     2 ||    14
       Finesse           |       |       |       |     2 |     1 ||     3
Evoke: Wand              |       |       |       |     9 |     3 ||    12
  Use: Scroll            |     1 |       |     4 |    20 |     1 ||    26
       Potion            |       |     2 |     1 |     3 |       ||     6
 Stab: Sleeping          |     1 |     1 |     2 |     3 |       ||     7
       Paralysed         |       |       |       |    23 |    18 ||    41
       Distracted        |       |       |       |     1 |       ||     1
  Eat: Chunk             |     1 |     5 |    12 |    17 |       ||    35
       Ration            |       |       |     1 |     5 |     1 ||     7
Armor: Leather armour    |    24 |    24 |    21 |       |       ||    69
       Ring mail         |       |       |    66 |   170 |       ||   236
       Chain mail        |       |       |       |    44 |    93 ||   137
Dodge: Dodged            |    85 |   115 |   305 |   833 |   197 ||  1535
Block: Buckler           |       |       |     1 |   431 |    99 ||   531

Vault maps used:
D:1:      dpeg_arrival_solitude, minivault_4, minmay_domino_4
D:2:      first_ration, hangedman_decor_riveting
D:3:      uniq_sigmund, uniq_jessica, uniq_robin
D:4:      kennysheep_six_static_rooms, uniq_menkaure, uniq_grinder, uniq_edmund
D:5:      minmay_temple_entry_purple_smoke, uniq_pikel, uniq_crazy_yiuf_cottage
D:6:      cheibrodos_iron_armory, uniq_duvessa
D:7:      minmay_misc_feat_iff
D:8:      overflow_temple_1_default, serial_shops, shop, uniq_erica, uniq_psyche
D:9:      dpeg_lair_monsters, basic_altar
D:12:     kennysheep_demon_hangout, kennysheep_orc_monster_closet_entryway,
          basic_altar, grunt_pizzeria
D:13:     david_vaults_4, basic_altar, serial_shops, kennysheep_mini_moat,
          uniq_rupert
D:14:     hangedman_decor_slide_cut, uniq_snorg, uniq_sonja
Temple:   grunt_wide_crystal_templ
Lair:1:   special_room, beast_lair_carwin_5, infiniplex_staircase_pool
Lair:2:   special_room, lab_entry_generic
Lab:      nicolae_lab_dead_adventurers

Table legend:
 A = Turns spent in this place as a percentage of turns spent in the entire game.
 B = Non-inter-level travel turns spent in this place as a percentage of non-inter-level travel turns spent in the entire game.
 C = Inter-level travel turns spent in this place as a percentage of turns spent in this place.
 D = Turns resting spent in this place as a percentage of non-inter-level travel turns spent in this place.
 E = Turns spent auto-exploring this place as a percentage of non-inter-level travel turns spent in this place.
 F = Non-inter-level travel turns spent in this place divided by the number of levels of this place that you've seen.
                   A       B       C       D       E      F
               +-------+-------+-------+-------+-------+----------------------
         Total | 100.0 | 100.0 |   3.8 |  17.8 |  47.7 | 882.2
       Dungeon |  89.2 |  88.9 |   4.0 |  19.5 |  48.4 | 1008.9
        Temple |   0.5 |   0.4 |  18.6 |   0.0 |  95.7 |  70.0
          Lair |   6.9 |   7.1 |   1.6 |   6.0 |  59.8 | 563.5
     Labyrinth |   3.4 |   3.5 |   0.0 |   0.0 |   0.0 | 558.0
               +-------+-------+-------+-------+-------+----------------------

Table legend:
 A = Kills in this place as a percentage of kills in entire the game.
 B = Kills by you in this place as a percentage of kills by you in the entire game.
 C = Kills by friends in this place as a percentage of kills by friends in the entire game.
 D = Other kills in this place as a percentage of other kills in the entire game.
 E = Experience gained in this place as a percentage of experience gained in the entire game.
 F = Experience gained in this place divided by the number of levels of this place that you have seen.
                   A       B       C       D       E      F
               +-------+-------+-------+-------+-------+----------------------
         Total | 100.0 | 100.0 |   N/A | 100.0 | 100.0 | 2631.3
       Dungeon |  89.9 |  89.9 |   N/A | 100.0 |  89.4 | 3025.6
          Lair |  10.1 |  10.1 |   N/A |   0.0 |  10.6 | 2502.0
               +-------+-------+-------+-------+-------+----------------------
